AoeStats
← hardye.abbed

Nomad

502955581Analyzed
1v1 RM · 1mo ago on Aug 29, 2026· 17m 7s· 2 players
Game mode
Random Map
Map size
126×126
Population
200
Speed
Normal
Resources
Standard
Victory
Conquest
Starting age
Dark Age
Ending age
Imperial Age
RankedLock teamsTeams togetherTeam positionsShared explorationLock speedFull tech treeHidden civsTurbo modeCheats
Victory
Defeat
🇨🇱 Japanese · Chile
798
+17
🇬🇹 Huns · Guatemala
813
-40
NightWanderer86
4:27 Loom
13:17 Feudal Age
14:04 Town Watch
13:58 Man-at-Arms
16:39 Scale Mail Armor
hardye.abbed
2:40 Loom
13:26 Feudal Age
15:28 Wheelbarrow
14:57 Double-Bit Axe
15:06 Horse Collar
Connection lost

Rejoining the realm…

Still unreachable

The connection could not be restored.

Session expired

The server has moved on; the page needs a fresh start.